 Dungeon Crawl Stone Soup version 0.17-a0-1092-gc664a5b (console) character file.

53 Monkaria the Skirmisher (level 3, 30/30 HPs)
             Began as a Demonspawn Chaos Knight on May 20, 2015.
             Quit the game on level 2 of the Dungeon.
             The game lasted 00:02:09 (839 turns).

Monkaria the Skirmisher (Demonspawn Chaos Knight)    Turns: 839, Time: 00:02:09

Health: 30/30      AC:  7    Str: 13    XL:     3   Next: 64%
Magic:  3/3        EV: 11    Int: 13    God:    Xom [*.....]
Gold:   47         SH:  0    Dex: 12    Spells: 0 memorised, 2 levels left

rFire  . . .     SeeInvis .     a - +0 falchion (chaos)
rCold  . . .     Clarity  .     b - +2 leather armour
rNeg   . . .     SustAb   +     (no shield)
rPois  .         Gourm    .     (no helmet)
rElec  .         Spirit   .     (no cloak)
rCorr  .         Warding  .     (no gloves)
rMut   .         Stasis   .     (no boots)
MR     .....                    (no amulet)
Stlth  +.........               (no ring)
                                i - ring of sustain abilities

@: not resistant to hostile enchantments, very unstealthy
A: yellow scales 1, powered by death 1
a: Renounce Religion


You were on level 2 of the Dungeon.
You worshipped Xom.
You were a special plaything of Xom.
You were not hungry.

You visited 1 branch of the dungeon, and saw 2 of its levels.

You collected 47 gold pieces.

Inventory:

Hand weapons
 a - a +0 falchion of chaos (weapon)
Missiles
 m - 12 poisoned needles
Armour
 b - a +2 leather armour (worn)
 e - a +0 pair of gloves
Jewellery
 i - a ring of sustain abilities (left hand)
 k - an uncursed amulet of warding {unknown}
Scrolls
 f - 3 scrolls of identify {unknown}
 j - a scroll of amnesia {unknown}
 n - a scroll of teleportation {unknown}
Potions
 d - a potion of haste {unknown}
 g - a potion of heal wounds {unknown}
Books
 o - a book of the Tempests

   Spells                             Type                      Level
   a - Static Discharge               Conjuration/Air              3
   b - Lightning Bolt                 Conjuration/Air              5
   c - Fireball                       Conjuration/Fire             5
   d - Tornado                        Air                          9
   e - Shatter                        Earth                        9
Comestibles
 c - a bread ration
 h - 2 meat rations
 l - 2 slices of pizza


   Skills:
 - Level 4.0 Fighting
 - Level 2.6 Long Blades
 + Level 2.8 Armour
 - Level 0.8 Dodging


You had 2 spell levels left.
You didn't know any spells.

Dungeon Overview and Level Annotations

Branches:
Dungeon (2/15)

Altars:


Innate Abilities, Weirdness & Mutations

You are partially covered in yellow scales (AC +2).
You can steal the life force of nearby defeated enemies.


Message History

No target in view!
No target in view!
No target in view!
No target in view!
No target in view!
No target in view!
No target in view!
No target in view!
You miss something. Something bites you but does no damage.
You miss something.
You feel sick. Something bites you but does no damage.
You hit something.
Reactivating autopickup.
You feel a bit more experienced.
Things that are here:
a giant gecko corpse; an adder corpse
There is an open door here.
You feel sick.
You are no longer poisoned.
You see here a large shield.
Are you sure you want to abandon this character and quit the game? (Confirm with "yes".)

#.# #.########.# #(#
#.. #.# #... #.# #....
##########.# ...
.......)...#
.##....##########+#####
.##....# #.........#
.##....# #.?.@.....#
.##....# #.........#
.##....# #.........#
.##....# #......[..#
.##....# #####'#####
.########### #†#
...........# #.#
##########.# #.# #.#
#.#


There were no monsters in sight!

Vanquished Creatures
  4 adders (D:2)
  A giant gecko (D:2)
  A giant cockroach (D:1)
  3 hobgoblins (D:1)
  2 jackals (D:2)
  A giant newt (D:1)
  A goblin (D:2)
  3 kobolds
  2 rats (D:1)
18 creatures vanquished.

Notes
Turn   | Place    | Note
--------------------------------------------------------------
     0 | D:1      | Monkaria the Demonspawn Chaos Knight began the quest for the Orb.
     0 | D:1      | Reached XP level 1. HP: 18/18 MP: 1/1
    88 | D:1      | XOM: smoke on damage
   373 | D:1      | Gained mutation: You can steal the life force of nearby defeated enemies. [demonic ancestry]
   373 | D:1      | Reached XP level 2. HP: 24/24 MP: 2/2
   426 | D:2      | XOM: harmless Air miscast
   472 | D:2      | Reached skill level 4 in Fighting
   718 | D:2      | Gained mutation: You are partially covered in yellow scales (AC +2). [demonic ancestry]
   718 | D:2      | Reached XP level 3. HP: 28/30 MP: 3/3
   754 | D:2      | XOM: harmless Necr miscast
   811 | D:2      | XOM: divination: detect creatures
   839 | D:2      | Quit the game

Vault maps used:
D:1:      dpeg_arrival_short_road
D:2:      ashenzari_altar_1, fountainhead, uniq_iyjb, uniq_crazy_yiuf_cottage,
          uniq_natasha

Action                   || total
-------------------------++-------
Melee: Falchion          ||    67
 Stab: Paralysed         ||     2
